% Time on Ice - SPOKANE KNIGHTS
Lines # - Real PCT - Wanted PCT - Time Play
Normal Forward
1 - 29% - 32% - 13:27
2 - 31% - 32% - 14:38
3 - 29% - 29% - 13:42
4 - 10% - 7% - 4:54
Normal Defense
1 - 36% - 33% - 16:46
2 - 31% - 33% - 14:37
3 - 18% - 17% - 8:16
4 - 15% - 17% - 7:02
PP Forward
1 - 52% - 60% - 3:05
2 - 48% - 40% - 2:52
PP Defense
1 - 51% - 60% - 3:03
2 - 49% - 40% - 2:54
PK Forward
1 - 65% - 55% - 4:22
2 - 35% - 45% - 2:19
PK Defense
1 - 58% - 60% - 3:54
2 - 42% - 40% - 2:47
PK3 Forward
1 - 0% - 60%
2 - 0% - 40%
PK3 Defense
1 - 0% - 60%
2 - 0% - 40%
44 Forward
1 - 0% - 50%
2 - 0% - 50%
44 Defense
1 - 0% - 60%
2 - 0% - 40%
Last Minute Offensive  - 0:00
Last Minute Defensive  - 0:41
Total
Forward - 60:00
Defense - 60:00
% Time on Ice - COLORADO GLACIERCATS
Lines # - Real PCT - Wanted PCT - Time Play
Normal Forward
1 - 29% - 35% - 13:57
2 - 33% - 35% - 15:26
3 - 22% - 25% - 10:16
4 - 16% - 5% - 7:43
Normal Defense
1 - 38% - 40% - 18:14
2 - 37% - 38% - 17:40
3 - 24% - 22% - 11:28
4 - 0% - 0% - 0:00
PP Forward
1 - 54% - 50% - 3:36
2 - 46% - 50% - 3:05
PP Defense
1 - 68% - 55% - 4:34
2 - 32% - 45% - 2:07
PK Forward
1 - 44% - 50% - 2:36
2 - 56% - 50% - 3:21
PK Defense
1 - 59% - 55% - 3:31
2 - 41% - 45% - 2:26
PK3 Forward
1 - 0% - 55%
2 - 0% - 45%
PK3 Defense
1 - 0% - 50%
2 - 0% - 50%
44 Forward
1 - 0% - 50%
2 - 0% - 50%
44 Defense
1 - 0% - 50%
2 - 0% - 50%
Last Minute Offensive  - 0:00
Last Minute Defensive  - 0:00
Total
Forward - 60:00
Defense - 60:00
Play-by-Play 1st period 0:01 of 1st period - Sebastian Aho wins face-off versus Patrice Bergeron in neutral zone. 0:33 of 1st period - Ryan Ellis is hit by Victor Hedman and loses puck. 1:05 of 1st period - Icing by Anton Stralman. 1:06 of 1st period - Jordan Staal wins face-off versus Mikael Backlund in SPOKANE KNIGHTS zone. 1:21 of 1st period - Shot by Patrick Kane. 1:21 of 1st period - Goal by Patrick Kane - SPOKANE KNIGHTS : 1 - COLORADO GLACIERCATS : 0. 1:22 of 1st period - Phillip Danault wins face-off versus Lucas Wallmark in neutral zone. 1:58 of 1st period - Off-side. 1:59 of 1st period - Jordan Staal wins face-off versus Mikael Backlund in neutral zone. 2:14 of 1st period - Shot by Patrick Kane. 2:14 of 1st period - Deflect By Matthew Tkachuk. 2:14 of 1st period - Shot Misses the Net. 2:16 of 1st period - Shot by Mikael Backlund. 2:16 of 1st period - Shot Misses the Net. 2:18 of 1st period - Shot by Mikael Backlund. 2:18 of 1st period - Stopped by Pekka Rinne without a rebound. 2:19 of 1st period - Jay Beagle wins face-off versus Sebastian Aho in COLORADO GLACIERCATS zone. 2:51 of 1st period - Shot by Tomas Hertl. 2:51 of 1st period - Stopped by Pekka Rinne with a rebound. 2:55 of 1st period - Shot by Tomas Hertl. 2:55 of 1st period - Stopped by Pekka Rinne without a rebound. 2:56 of 1st period - Phillip Danault wins face-off versus Brayden Schenn in COLORADO GLACIERCATS zone. 3:13 of 1st period - Shot by Joe Pavelski. 3:13 of 1st period - Stopped by Braden Holtby without a rebound. 3:14 of 1st period - Lucas Wallmark wins face-off versus Mikael Backlund in SPOKANE KNIGHTS zone. 3:25 of 1st period - Shot by Patrick Kane. 3:25 of 1st period - Shot Blocked by Daniel Girardi. 4:35 of 1st period - Shot by Jordan Staal. 4:35 of 1st period - Shot Misses the Net. 4:37 of 1st period - Shot by Jordan Staal. 4:37 of 1st period - Shot Misses the Net. 6:16 of 1st period - Icing by Ryan Ellis. 6:17 of 1st period - Paul Byron wins face-off versus Mikael Backlund in COLORADO GLACIERCATS zone. 6:17 of 1st period - Paul Byron is hit by Mikael Backlund. 6:35 of 1st period - Icing by Joe Pavelski. 6:36 of 1st period - Jordan Staal wins face-off versus Sebastian Aho in COLORADO GLACIERCATS zone. 7:25 of 1st period - Shot by Jordan Staal. 7:25 of 1st period - Stopped by Braden Holtby with a rebound. 7:59 of 1st period - Shot by Mikael Backlund. 7:59 of 1st period - Shot Misses the Net. 8:07 of 1st period - Shot by Patrick Kane. 8:07 of 1st period - Stopped by Pekka Rinne without a rebound. 8:08 of 1st period - Jay Beagle wins face-off versus Marcus Kruger in COLORADO GLACIERCATS zone. 8:19 of 1st period - Icing by Brooks Orpik. 8:20 of 1st period - Patrice Bergeron wins face-off versus Tyler Johnson in SPOKANE KNIGHTS zone. 8:41 of 1st period - Shot by Patrice Bergeron. 8:41 of 1st period - Stopped by Braden Holtby with a rebound. 9:10 of 1st period - Icing by Cale Makar. 9:11 of 1st period - Marcus Kruger wins face-off versus Joe Pavelski in SPOKANE KNIGHTS zone. 9:52 of 1st period - Shot by Matthew Tkachuk. 9:52 of 1st period - Stopped by Pekka Rinne without a rebound. 9:53 of 1st period - Sebastian Aho wins face-off versus Lucas Wallmark in COLORADO GLACIERCATS zone. 9:53 of 1st period - Kristopher Letang is hit by Daniel Girardi and loses puck. 10:01 of 1st period - Carl Hagelin is hit by Victor Hedman and loses puck. 10:26 of 1st period - Shot by Tomas Hertl. 10:26 of 1st period - Shot Blocked by Ben Lovejoy. 11:02 of 1st period - Mikael Granlund is hit by Victor Hedman and loses puck. 11:18 of 1st period - Shot by Mikael Granlund. 11:18 of 1st period - Stopped by Braden Holtby without a rebound. 11:19 of 1st period - Phillip Danault wins face-off versus Jordan Staal in SPOKANE KNIGHTS zone. 11:25 of 1st period - Icing by Ryan Ellis. 11:26 of 1st period - Vincent Trocheck wins face-off versus Jordan Staal in COLORADO GLACIERCATS zone. 12:08 of 1st period - Shot by Phillip Danault. 12:08 of 1st period - Shot Blocked by Ryan Ellis. 12:10 of 1st period - Shot by Phillip Danault. 12:10 of 1st period - Stopped by Pekka Rinne with a rebound. 12:12 of 1st period - Shot by Phillip Danault. 12:12 of 1st period - Shot Misses the Net. 12:19 of 1st period - Icing by Mark Giordano. 12:20 of 1st period - Mikael Backlund wins face-off versus Joe Pavelski in COLORADO GLACIERCATS zone. 12:27 of 1st period - Shot by Mikael Backlund. 12:27 of 1st period - Stopped by Pekka Rinne without a rebound. 12:28 of 1st period - Mikael Backlund wins face-off versus Lucas Wallmark in COLORADO GLACIERCATS zone. 14:13 of 1st period - Shot by Jordan Staal. 14:13 of 1st period - Shot Misses the Net. 14:29 of 1st period - Shot by Vincent Trocheck. 14:29 of 1st period - Stopped by Pekka Rinne without a rebound. 14:30 of 1st period - Tomas Hertl wins face-off versus Jay Beagle in COLORADO GLACIERCATS zone. 14:33 of 1st period - Shot by Blake Wheeler. 14:33 of 1st period - Shot Misses the Net. 14:39 of 1st period - Shot by Blake Wheeler. 14:39 of 1st period - Goal by Blake Wheeler - SPOKANE KNIGHTS : 2 - COLORADO GLACIERCATS : 0. 14:40 of 1st period - Lucas Wallmark wins face-off versus Sebastian Aho in neutral zone. 14:56 of 1st period - Shot by Lucas Wallmark. 14:56 of 1st period - Shot Misses the Net. 14:58 of 1st period - Shot by Carl Hagelin. 14:58 of 1st period - Shot Misses the Net. 15:00 of 1st period - Shot by Lucas Wallmark. 15:00 of 1st period - Shot Misses the Net. 15:02 of 1st period - Shot by Carl Hagelin. 15:02 of 1st period - Stopped by Braden Holtby without a rebound. 15:03 of 1st period - Patrice Bergeron wins face-off versus Phillip Danault in SPOKANE KNIGHTS zone. 15:13 of 1st period - Minor Penalty to Anton Stralman for Boarding. 15:14 of 1st period - Patrice Bergeron wins face-off versus Phillip Danault in SPOKANE KNIGHTS zone. 15:57 of 1st period - Shot by Brayden Schenn. 15:57 of 1st period - The goal is going for a video replay. 15:57 of 1st period - The goal is good. 15:57 of 1st period - Goal by Brayden Schenn - SPOKANE KNIGHTS : 2 - COLORADO GLACIERCATS : 1. 15:58 of 1st period - Lucas Wallmark wins face-off versus Patrick Kane in neutral zone. 16:23 of 1st period - Shot by Mikael Backlund. 16:23 of 1st period - Goal by Mikael Backlund - SPOKANE KNIGHTS : 3 - COLORADO GLACIERCATS : 1. 16:24 of 1st period - Magnus Paajarvi-Svensson wins face-off versus Phillip Danault in neutral zone. 16:32 of 1st period - Shot by Vincent Trocheck. 16:32 of 1st period - Shot Misses the Net. 16:57 of 1st period - Vincent Trocheck is hit by Daniel Girardi and loses puck. 17:11 of 1st period - Magnus Paajarvi-Svensson is hit by Brooks Orpik and loses puck. 17:26 of 1st period - Shot by Blake Wheeler. 17:26 of 1st period - Stopped by Pekka Rinne without a rebound. 17:27 of 1st period - Patrice Bergeron wins face-off versus Sebastian Aho in COLORADO GLACIERCATS zone. 18:00 of 1st period - Shot by Tomas Hertl. 18:00 of 1st period - Deflect By Blake Wheeler. 18:00 of 1st period - Stopped by Pekka Rinne without a rebound. 18:01 of 1st period - Mikael Backlund wins face-off versus Jordan Staal in COLORADO GLACIERCATS zone. 18:10 of 1st period - Shot by Matthew Tkachuk. 18:10 of 1st period - Stopped by Pekka Rinne without a rebound. 18:11 of 1st period - Jordan Staal wins face-off versus Mikael Backlund in COLORADO GLACIERCATS zone. 18:18 of 1st period - Shot by Jordan Staal. 18:18 of 1st period - Goal by Jordan Staal - SPOKANE KNIGHTS : 3 - COLORADO GLACIERCATS : 2. 18:19 of 1st period - Jordan Staal wins face-off versus Mikael Backlund in neutral zone. 19:34 of 1st period - Icing by Shea Weber. 19:35 of 1st period - Patrice Bergeron wins face-off versus Phillip Danault in COLORADO GLACIERCATS zone. 19:54 of 1st period - Shot by Mikael Granlund. 19:54 of 1st period - Stopped by Braden Holtby without a rebound. 19:55 of 1st period - Lucas Wallmark wins face-off versus Sebastian Aho in SPOKANE KNIGHTS zone. Goals for this period are 3 for SPOKANE KNIGHTS vs 2 for COLORADO GLACIERCATS. Shots for this period are 14 for SPOKANE KNIGHTS vs 8 for COLORADO GLACIERCATS. 2nd period 0:01 of 2nd period - Patrice Bergeron wins face-off versus Sebastian Aho in neutral zone. 0:43 of 2nd period - Shot by Patrice Bergeron. 0:43 of 2nd period - Deflect By Mikael Granlund. 0:43 of 2nd period - Stopped by Braden Holtby without a rebound. 0:44 of 2nd period - Phillip Danault wins face-off versus Lucas Wallmark in SPOKANE KNIGHTS zone. 0:44 of 2nd period - Phillip Danault is hit by Zach Aston-Reese. 1:02 of 2nd period - Shot by Lucas Wallmark. 1:02 of 2nd period - Stopped by Braden Holtby without a rebound. 1:03 of 2nd period - Jordan Staal wins face-off versus Mikael Backlund in SPOKANE KNIGHTS zone. 1:50 of 2nd period - Icing by Joe Pavelski. 1:51 of 2nd period - Phillip Danault wins face-off versus Jordan Staal in COLORADO GLACIERCATS zone. 1:55 of 2nd period - Icing by Daniel Girardi. 1:56 of 2nd period - Jordan Staal wins face-off versus Phillip Danau